 Dungeon Crawl Stone Soup version 0.25-a0-404-gc1b5a34292 (webtiles) character file.

Game seed: 10017705736077037470, levelgen mode: deterministic

26 DeadFury222 the Chopper (level 3, -1/33 HPs)
             Began as a Hill Orc Monk on Jan 10, 2020.
             Slain by a worm (4 damage)
             ... on level 2 of the Dungeon.
             The game lasted 00:02:48 (697 turns).

DeadFury222 the Chopper (Hill Orc Monk)              Turns: 697, Time: 00:02:49

Health: -1/33      AC:  5    Str: 14    XL:     3   Next: 8%
Magic:  12/12      EV: 11    Int: 10    God:
Gold:   46         SH:  0    Dex: 13    Spells: 2/2 levels left

rFire    . . .     SeeInvis .   a - +0 hand axe
rCold    . . .     Gourm    .   (no shield)
rNeg     . . .     Faith    .   i - +0 ring mail
rPois    .         Spirit   .   (no helmet)
rElec    .         Reflect  .   (no cloak)
rCorr    .         Harm     .   (no gloves)
MR       .....                  (no boots)
Stlth    +.........             (no amulet)
HPRegen  0.11/turn              f - ring of magical power
MPRegen  0.13/turn              (no ring)

@: no status effects
A: no striking features
a: no special abilities


You were on level 2 of the Dungeon.
You were not hungry.

You visited 1 branch of the dungeon, and saw 2 of its levels.

You collected 46 gold pieces.

Inventory:

Hand Weapons
 a - a +0 hand axe (weapon)
Missiles
 j - 18 stones (quivered)
Armour
 i - a +0 ring mail (worn)
Jewellery
 d - an uncursed amulet of rage {unknown}
 f - a ring of magical power (left hand)
Scrolls
 b - 2 scrolls of identify {unknown}
 e - a scroll of teleportation {unknown}
 k - a scroll of blinking {unknown}
Potions
 g - a potion of agility {unknown}
 h - a potion of flight {unknown}
Comestibles
 c - 2 rations


   Skills:
 + Level 4.0 Fighting
 * Level 4.8 Axes
 + Level 1.1 Armour
 - Level 2.4 Dodging
 - Level 1.5 Stealth


You had 2 spell levels left.
You didn't know any spells.
Your spell library was empty.

Dungeon Overview and Level Annotations

Branches:
Dungeon (2/15)

Altars:

Annotations:
D:2 Natasha, Sigmund, Terence


Message History

Natasha is almost dead.
You hit the worm. You hit the white imp.
Natasha stares at you and mumbles some strange words.
You resist with significant effort. The white imp gestures at you.
The puff of frost hits you.
You closely miss Natasha.
Natasha is almost dead.
You hit the worm but do no damage. You hit the white imp but do no damage.
Natasha closely misses you. The worm bites you. The white imp gestures at you.
The puff of frost hits you!
* * * LOW HITPOINT WARNING * * *
You closely miss Natasha.
Natasha is almost dead.
You hit the worm. You hit the white imp. Natasha claws you.
* * * LOW HITPOINT WARNING * * *
The white imp hits you but does no damage.
The worm bites you.
You die...

♣.. ♣.###
♣♣♣... ......♣
P.P...♣♣
♣....#######.
♣♣ #...<.......
♣.##......#####
#.....h@..#
###...5w..#
#.....?.(#
.....#.(....#
......†###..##
....... ##.#
....... .#
....... .#
.....). ..


You could see a worm, Natasha and a white imp.

Vanquished Creatures
  A dart slug (D:1)
  2 giant cockroaches (D:1)
  3 goblins (D:1)
  4 hobgoblins (D:1)
  3 jackals (D:1)
  6 bats
  2 kobolds
  A rat (D:2)
22 creatures vanquished.

Notes
Turn   | Place    | Note
-------+----------+-------------------------------------------
     0 | D:1      | DeadFury222 the Hill Orc Monk began the quest for the Orb.
     0 | D:1      | Reached XP level 1. HP: 19/19 MP: 1/1
    44 | D:1      | Reached XP level 2. HP: 23/27 MP: 2/2
   168 | D:1      | Reached skill level 1 in Armour
   406 | D:1      | Reached XP level 3. HP: 25/33 MP: 3/3
   629 | D:2      | Noticed Sigmund
   629 | D:2      | Noticed Terence
   685 | D:2      | Noticed Natasha
   697 | D:2      | Slain by a worm

Levels and vault maps discovered:
D:1:      minmay_arrival_stone_box, layout_rooms
D:2:      layout_rooms, fiery_altar_vehumet, nicolae_ru_path_of_blood,
          serial_forest, infiniplex_forest_lined_4_way,
          infiniplex_forest_straight_3, infiniplex_forest_zigzag_1,
          infiniplex_forest_side_room, infiniplex_forest_straight_3,
          infiniplex_forest_end_2, infiniplex_forest_lined_3_way,
          infiniplex_forest_end_3, roderic_malta_cross, uniq_natasha,
          uniq_sigmund, uniq_terence

Skill      XL: |  1  2 |
---------------+-------+-----
Armour         | 1 |  1.1
Fighting       | 4 |  4.0
Axes           | |  4.8
Dodging        | |  2.4
Stealth        | |  1.5

Action                   || total
-------------------------++-------
Melee: Hand axe          ||    73
Armor: Robe              ||    10
       Ring mail         ||    17
Dodge: Dodged            ||    58

Table legend:
 A = Non-vault XP
 B = Vault XP
 C = Vault XP percentage of total XP
 D = Non-vault monster count
 E = Vault monster count
 F = Vault count percentage of total count
                 A         B        C        D         E       F
            +---------+---------+-------+---------+---------+-------
      Total |      38 |       0 |   0.0 |      22 |       0 |   0.0
            +---------+---------+-------+---------+---------+-------
        D:1 |      35 |       0 |   0.0 |      19 |       0 |   0.0
        D:2 |       3 |       0 |   0.0 |       3 |       0 |   0.0
            +---------+---------+-------+---------+---------+-------
